 Dungeon Crawl Stone Soup version 0.31-a0-667-g39726597b9 (webtiles) character file.

Game seed: 12218880913160698258

172 Dirtsage the Changeling (level 5, -5/33 HPs)
             Began as an Octopode Shapeshifter on Sept 3, 2023.
             Succumbed to a gnoll's poison
             ... on level 4 of the Dungeon.
             The game lasted 00:06:52 (2588 turns).

Dirtsage the Changeling (Octopode Shapeshifter)     Turns: 2588, Time: 00:06:53

Health: -5/33      AC:  1    Str: 15    XL:     5   Next: 52%
Magic:  5/5        EV: 13    Int: 13    God:
Gold:   204        SH:  0    Dex: 11    Spells: 4/4 levels left

rFire   . .          .
                       - Unarmed
rCold   . . .        (no shield)
rNeg    . . .        (helmet currently unavailable)
rPois   .            (no amulet)
rElec   .            C - ring of resist corrosion
rCorr   +            (no ring)
SInv    .            (no ring)
Will    .....        (no ring)
Stlth   ++           (no ring)
HPRegen 0.25/turn    (no ring)
MPRegen 0.09/turn    (no ring)
                     (no ring)

%: no passive effects
@: lethally poisoned (-5 -> -34), beast-form
A: beast (slay +2), almost no armour, amphibious, 8 rings, camouflage 1,
gelatinous body 1, (nimble swimmer 1), tentacles
a: Begin Untransformation


You were on level 4 of the Dungeon.
You were a hulking beast.
You visited 1 branch of the dungeon, and saw 4 of its levels.

You collected 204 gold pieces.

Inventory:

Magical Staves
 i - a staff of air
Jewellery
 C - a ring of resist corrosion (left tentacle)
Talismans
 b - a beast talisman (active)
 c - a flux talisman
Scrolls
 f - 2 scrolls of teleportation {unknown}
 g - a scroll of fear {unknown}
 j - a scroll of identify {unknown}
 l - 2 scrolls of fog {unknown}
Potions
 a - a potion of lignification
 d - a potion of magic {unknown}
 e - 3 potions of curing {unknown}
 h - a potion of heal wounds {unknown}
 k - a potion of mutation {unknown}


   Skills:
 - Level 1.0 Fighting
 - Level 2.0 Dodging
 + Level 4.2 Unarmed Combat
 * Level 4.9 Shapeshifting


You had 4 spell levels left.
You didn't know any spells.
Your spell library contained the following spells:

 Spells                   Type           Power      Damage    Failure   Level
 Apportation              Tloc           0%         N/A       30%         1
 Alistair's Intoxication  Tmut/Pois      0%         N/A       100%        5


Dungeon Overview and Level Annotations

Branches:
Dungeon (4/15)
 Temple: D:4-7

Altars:
Yredelemnul

Annotations:
D:2 1 runed translucent door, Crazy Yiuf
D:3 1 runed translucent door


Innate Abilities, Weirdness & Mutations

You are a hulking beast.
Your limbs bulge with bestial killing power. (Slay +2)
You cannot wear most types of armour.
You are amphibious.
You can wear up to eight rings at the same time.
Your skin changes colour to match your surroundings (Stealth+).
Your rubbery body absorbs attacks. (AC +1, EV +1)
((You are camouflaged when in or above water. (Stealth+)))
You have tentacles for arms and can constrict up to eight enemies at once.


Message History

A gnoll comes into view. It is wielding a +0 whip.
Health restored: 33 A gnoll bouda comes into view.
It is wielding a +0 whip. 2 gnolls come into view.
A gnoll is wielding a +2 spear of venom.
The gnoll shouts!
You hear a shout!
The gnoll bouda shouts!
You hear a shout! x2
The gnoll bouda barks out a call to the hunt!
The gnolls pick up the pace!
Attack: -) Tentacles
Press: ? - help, Dir - move target, f - you
Okay, then.
Unknown command.
The gnoll attacks as it pursues you! The gnoll barely misses you.
You tentacle-slap the gnoll. You grab the gnoll.
The gnoll is moderately wounded.
You constrict the gnoll. The gnoll hits you with a +0 whip.
You take 1 damage, and have 32/33 hp.
You tentacle-slap the gnoll but do no damage.
The gnoll is moderately wounded.
You constrict the gnoll, but do no damage.
The gnoll completely misses you.
You tentacle-slap the gnoll.
The gnoll is severely wounded.
You constrict the gnoll.
The gnoll is no longer moving quickly.
The gnoll hits you with a +0 whip.
The gnoll hits you from afar with a +2 spear of venom!
You take 14 damage, and have 18/33 hp.
MASSIVE DAMAGE!!
You bludgeon the gnoll!
You kill the gnoll!
The gnoll hits you from afar with a +2 spear of venom.
You are lethally poisoned!
You take 5 damage, and have 13/33 hp.
You feel very sick.
A gnoll comes into view. It is wielding a +0 club.
The gnoll hits you with a +2 spear of venom!
* * * LOW HITPOINT WARNING * * *
You are more poisoned.
You see here a +0 whip.
You take 11 damage, and have 2/33 hp.
MASSIVE DAMAGE!!
You die...

#.g.......+ ########.........#
#......g.........#
#................#
#.......###+####.+ ###
#...g...#......#.# #####.#
#.g.....#......'.# ......######
#g......#......#.#
.....<.....#####h#######......#..
.....#................##......#..
.....#..........#.............#..
.....#..........#.............#..
.....#†.........#.............#..
.....#..........#.##..#########..
.....#.....#########..##.........
.....#.....#...........#.........
.....#.....#...........#.........


You could see a gnoll bouda and 3 gnolls.

Vanquished Creatures
  A human zombie (D:3)
  Robin (D:2)
  A gnoll (D:4)
  7 adders
  An ufetubus (D:4)
  2 worms
  6 bats
  5 hobgoblins
  9 jackals
  6 ball pythons
  3 frilled lizards
  5 goblins
  A goblin zombie (D:3)
  3 kobolds
  A kobold skeleton (D:3)
  2 rats
54 creatures vanquished.

Notes
Turn   | Place    | Note
-------+----------+-------------------------------------------
     0 | D:1      | Dirtsage the Octopode Shapeshifter began the quest for the
                  | Orb.
     0 | D:1      | Reached XP level 1. HP: 13/13 MP: 1/1
   371 | D:1      | Reached XP level 2. HP: 18/18 MP: 2/2
   899 | D:2      | Reached XP level 3. HP: 18/23 MP: 3/3
  1293 | D:2      | Found a runed translucent door.
  1294 | D:2      | Noticed Crazy Yiuf
  1437 | D:2      | Noticed Robin
  1442 | D:2      | Killed Robin
  1444 | D:2      | Reached XP level 4. HP: 28/28 MP: 4/4
  2211 | D:3      | Reached XP level 5. HP: 23/33 MP: 5/5
  2248 | D:3      | Found a runed translucent door.
  2248 | D:3      | Noticed a human
  2254 | D:3      | Found a basalt altar of Yredelemnul.
  2588 | D:4      | Succumbed to a gnoll's poison

Illustrated notes

Levels and vault maps discovered:
D:1:      nicolae_arrival_memento_mori, layout_basic
D:2:      layout_basic, chequers_serial_rivers_micro_b, grunt_ministairs_2,
          uniq_crazy_yiuf_cottage, uniq_robin
D:3:      layout_loops_ring, dk_yredelemnul_ordeal
D:4:      layout_gridville, mainiacjoe_overflow_24_doors

Skill      XL: |  1  2  3  4 |
---------------+-------------+-----
Shapeshifting  | 4 |  4.9
Unarmed Combat | 4 |  4.2
Fighting       | |  1.0
Dodging        | |  2.0

Action                     |  1- 3 |  4- 6 || total
---------------------------+-------+-------++-------
  Melee: Unarmed           |    58 |    53 ||   111
         Constrict         |    14 |    14 ||    28
         Tentacles         |     8 |    13 ||    21
         Punch             |     2 |       ||     2
   Stab: Sleeping          |     4 |     5 ||     9
 Armour: Skin              |    23 |    23 ||    46
  Dodge: Dodged            |    33 |    18 ||    51

Table legend: (Time is in decaauts)
 A = Elapsed time spent in this place.
 B = Non-inter-level travel time spent in this place.
 C = Inter-level travel time spent in this place.
 D = Time resting spent in this place.
 E = Time spent auto-exploring this place.
 F = Levels seen in this place.
 G = Mean time per level.
                   A        B        C        D        E       F      G
               +--------+--------+--------+--------+--------+-----+--------+
         Total |   2579 |   2434 |    145 |     40 |   1876 |   4 |  644.8 |
       Dungeon |   2579 |   2434 |    145 |     40 |   1876 |   4 |  644.8 |
               +--------+--------+--------+--------+--------+-----+--------+

Top non-repeatable levels by time:
     D:2: 873 daAuts
     D:3: 792 daAuts
     D:1: 740 daAuts
     D:4: 173 daAuts
